[Event "Team 45 45 League T48"]
[Site "Internet Chess Club"]
[Date "2011.04.10"]
[Round "9"]
[White "ticopatzer"]
[Black "ScotchYeti"]
[Result "0-1"]
[WhiteElo "1634"]
[BlackElo "1686"]
[Opening "English opening"]
[ECO "A30"]
[Time "15:30:53"]
[TimeControl "2700+45"]

1. Nf3 Nf6 2. c4 c5 3. g3 Nc6 4. Bg2 e6 5. O-O Be7 6. d4 cxd4 7. Nxd4 O-O 8. e3
Re8 9. Nc3 Bc5 10. b3 a6 11. Bb2 Nb4 12. a3 Nc6 13. b4 Be7 14. Qd3 Ne5 15. Qc2
Nxc4 16. Ne4 Nxb2 17. Qxb2 Nxe4 18. Bxe4 d5 19. Bd3 Bf6 20. Qc2 e5 21. Nb3 e4
22. Be2 Bxa1 23. Rxa1 Be6 24. Nc5 Rc8 25. Qb2 Qe7 26. Rd1 Rc6 27. Qd4 Rec8 28.
a4 a5 29. Nxe6 fxe6 30. bxa5 Qf6 31. Bb5 R6c7 32. a6 bxa6 33. Bxa6 Rb8 34. Bb5
Rc2 35. Rf1 Qxd4 36. exd4 Rd2 37. Bd7 Rb6 38. a5 Ra6 39. Ra1 Rxd4 40. Bb5 Ra7
41. a6 Rb4 42. Be2 d4 43. f3 exf3 44. Bxf3 Rb6 45. Be2 e5 46. Ra4 Kf7 47. Kg2
Kf6 48. Kf3 Rb2 49. h4 e4+ 50. Kxe4 Rxe2+ 51. Kxd4 Re6 52. Kc5 Rexa6 53. Rf4+
Ke7 54. Re4+ Re6 55. Kd5 Rxe4 56. Kxe4 Ra5 57. g4 Ke6 58. Kf4 Ra4+ 59. Kg5 Ra5+
60. Kf4 h6 61. g5 Ra4+ 62. Kg3 hxg5 63. hxg5 Kf5 64. g6 Kxg6 65. Kh3 Kg5 66. Kg3
Ra3+ 67. Kf2 Kf4 68. Kg2 Rc3 69. Kf2 Rc2+ 70. Ke1 Ke3 71. Kf1 Rb2 72. Kg1 Kf3
73. Kf1 Rb1# {White checkmated} 0-1

[Event "Team 45 45 League T48"]
[Site "Internet Chess Club"]
[Date "2011.04.08"]
[Round "9"]
[White "cepheid"]
[Black "rookmaster23"]
[Result "1/2-1/2"]
[WhiteElo "1667"]
[BlackElo "1498"]
[Opening "Sicilian: Alapin's variation (2.c3)"]
[ECO "B22"]
[Time "20:01:53"]
[TimeControl "2700+45"]

1. e4 c5 2. c3 d5 3. exd5 Qxd5 4. d4 Nc6 5. Nf3 Nf6 6. Be3 cxd4 7. cxd4 Bg4 8.
Be2 Qa5+ 9. Qd2 Qxd2+ 10. Nbxd2 e6 11. O-O Rd8 12. Bb5 Bxf3 13. Nxf3 Bd6 14. Ne5
Rc8 15. Rac1 Bxe5 16. dxe5 Ng4 17. Bd4 O-O 18. Bxc6 Rxc6 19. Rxc6 bxc6 20. h3
Rd8 21. Bc3 Nh6 22. g4 Kf8 23. f3 Ng8 24. Kf2 Ne7 25. Bb4 Rb8 26. Bxe7+ Kxe7 27.
b3 Rb5 28. Re1 a5 29. Re2 Rb4 30. Re4 Kd7 31. Ke3 Rxe4+ 32. Kxe4 c5 33. Kd3 Kc6
34. Kc4 Kb6 35. h4 g6 36. f4 Kc6 37. h5 gxh5 38. gxh5 h6 39. a3 {Game drawn by
mutual agreement} 1/2-1/2

[Event "Team 45 45 League T48"]
[Site "Internet Chess Club"]
[Date "2011.04.10"]
[Round "9"]
[White "BrianWood"]
[Black "baseball613"]
[Result "1-0"]
[WhiteElo "1445"]
[BlackElo "1368"]
[Opening "Caro-Kann: Panov-Botvinnik attack"]
[ECO "B13"]
[Time "20:00:14"]
[TimeControl "2700+45"]

1. e4 c6 2. d4 d5 3. exd5 cxd5 4. c4 Nf6 5. Nc3 Nc6 6. Nf3 e6 7. cxd5 exd5 8.
Bb5 Bg4 9. O-O Rc8 10. Re1+ Be7 11. h3 Bh5 12. g4 Bg6 13. Bxc6+ bxc6 14. Qe2 Rc7
15. Bf4 Rb7 16. Ne5 Qb6 17. Na4 Qc7 18. Nxg6 Qd7 19. Nxh8 Kf8 20. Nc5 Bxc5 21.
dxc5 Kg8 22. Nxf7 Kxf7 23. Bg5 Kg6 24. Bxf6 gxf6 25. Qe8+ Qxe8 26. Rxe8 Rxb2 27.
Rc8 Kg5 28. Rxc6 Kh4 29. Rxf6 Kxh3 30. Rh6+ Kxg4 31. Rxh7 Rc2 32. Rxa7 Rxc5 33.
Rd1 Kf3 34. Ra3+ Ke2 35. Rad3 Rc2 36. Rxd5 Rxa2 37. f4 Ke3 38. f5 Kf3 39. f6
Rg2+ 40. Kh1 Kg3 41. R1d3+ Kf2 42. Rd2+ Kg3 43. Rxg2+ Kf4 {Black resigns} 1-0

[Event "Team 45 45 League T48"]
[Site "Internet Chess Club"]
[Date "2011.04.10"]
[Round "9"]
[White "wildcat2023"]
[Black "artspir"]
[Result "1-0"]
[WhiteElo "1322"]
[BlackElo "1101"]
[Opening "Ruy Lopez: four knights (Tarrasch) variation"]
[ECO "C48"]
[Time "18:03:21"]
[TimeControl "2700+45"]

1. e4 e5 2. Nf3 Nc6 3. Nc3 Nf6 4. Bb5 a6 5. Ba4 b5 6. Bb3 Bc5 7. d3 O-O 8. Bg5
d6 9. Nd5 Qd7 10. Bxf6 g6 11. Bxe5 f5 12. Nf6+ Kg7 13. Nxd7+ dxe5 14. Nxf8 Kxf8
15. Bd5 Bb7 16. Bxc6 Bxc6 17. Nxe5 Bb7 18. Nd7+ Ke8 19. Nxc5 Bc6 20. exf5 gxf5
21. Qh5+ Kd8 22. Ne6+ Kd7 23. Nc5+ Kd6 24. Qxf5 Re8+ 25. Ne4+ Bxe4 26. dxe4 Kc6
27. Qd5+ Kb6 28. O-O c6 29. Qd4+ Ka5 30. b4+ Ka4 31. Rab1 Ka3 32. Qb2+ Ka4 33.
Qb3# {Black checkmated} 1-0

[Event "Team 45 45 League T48"]
[Site "Internet Chess Club"]
[Date "2011.04.10"]
[Round "9"]
[White "sockmonkey"]
[Black "iwin2"]
[Result "0-1"]
[WhiteElo "1081"]
[BlackElo "1250"]
[Opening "QGD: 6.Nf3"]
[ECO "D55"]
[Time "14:00:03"]
[TimeControl "2700+45"]

1. d4 d5 2. Nf3 Nf6 3. Bg5 e6 4. e3 Be7 5. c4 O-O 6. Nc3 b6 7. Bd3 c5 8. O-O Nc6
9. Ne5 Nxe5 10. dxe5 Nd7 11. Bxe7 Qxe7 12. f4 d4 13. Be4 dxc3 14. Bxa8 cxb2 15.
Rb1 Ba6 16. Be4 Bxc4 17. Rf3 Bxa2 18. Bxh7+ Kxh7 19. Rh3+ Kg8 20. Qh5 f6 21. Qg6
Bxb1 22. Rh7 Bxg6 {White resigns} 0-1

[Event "Team 45 45 League T48"]
[Site "Internet Chess Club"]
[Date "2011.04.11"]
[Round "9"]
[White "Nosaj"]
[Black "tcianciola"]
[Result "1/2-1/2"]
[WhiteElo "1339"]
[BlackElo "1186"]
[Opening "Sicilian: Alapin's variation (2.c3)"]
[ECO "B22"]
[Time "19:00:06"]
[TimeControl "2700+45"]

1. e4 c5 2. c3 Nf6 3. e5 Nd5 4. d4 cxd4 5. cxd4 d6 6. exd6 Qxd6 7. Nf3 g6 8. Bc4
Bg7 9. O-O O-O 10. Bxd5 Qxd5 11. Nc3 Qc6 12. Ne5 Qb6 13. Be3 Rd8 14. d5 Qa5 15.
f4 b6 16. a3 Bb7 17. b4 Rxd5 18. bxa5 Rxd1 19. Rfxd1 Na6 20. axb6 axb6 21. Bxb6
f6 22. Nc4 Rc8 23. Rd8+ Rxd8 24. Bxd8 f5 25. Bxe7 Bxc3 26. Rd1 {Game drawn by
mutual agreement} 1/2-1/2

[Event "Team 45 45 League T48"]
[Site "Internet Chess Club"]
[Date "2011.04.09"]
[Round "9"]
[White "Oblio"]
[Black "DieHappy"]
[Result "1/2-1/2"]
[WhiteElo "2414"]
[BlackElo "2600"]
[Opening "Sicilian: Najdorf"]
[ECO "B90"]
[Time "12:30:33"]
[TimeControl "2700+45"]

1. e4 c5 2. Nf3 d6 3. d4 cxd4 4. Nxd4 Nf6 5. Nc3 a6 6. f3 e6 7. Be3 b5 8. Qd2 b4
9. Na4 Nbd7 10. O-O-O Qa5 11. b3 Bb7 12. Kb1 Be7 13. a3 Qc7 14. axb4 d5 15. b5
axb5 16. Nxb5 Qb8 17. e5 Nxe5 18. Bb6 Bd6 19. Nxd6+ Qxd6 20. Bc5 Qc7 21. Qb4
Nfd7 22. Bd6 Nc6 23. Qf4 Qa5 24. Qg5 g6 25. Qh6 Ne7 26. Bd3 Bc6 27. Qh4 f6 28.
Rhe1 Kf7 29. Bb4 Qa7 30. Rxe6 Kxe6 31. Re1+ Ne5 32. f4 Bxa4 33. fxe5 Kd7 34.
exf6 Nc6 35. f7 Bb5 36. Re7+ Nxe7 37. Qxe7+ Kc6 38. Qf6+ Kc7 39. Bd6+ Kb7 40.
Bxb5 Qg1+ 41. Bf1 Qe3 42. Bg3 Qc5 43. Bf2 Qc7 44. Bb5 Rhc8 45. c4 Qa5 46. Ba4
Qc7 47. Qe6 Rxa4 48. bxa4 Rf8 49. a5 Qxc4 50. Qe7+ Ka6 51. Qxf8 Qf1+ 52. Kc2
Qxf2+ 53. Kd3 Qf5+ 54. Kd2 Qf2+ 55. Kd3 Qf5+ 56. Kd2 Qf2+ 57. Kd3 Qf5+ {Game
drawn by repetition} 1/2-1/2

[Event "Team 45 45 League T48"]
[Site "Internet Chess Club"]
[Date "2011.04.10"]
[Round "9"]
[White "sandham"]
[Black "BlazekaMatej"]
[Result "0-1"]
[WhiteElo "2138"]
[BlackElo "2145"]
[Opening "QGD: 4.Nf3"]
[ECO "D37"]
[Time "06:00:11"]
[TimeControl "2700+45"]

1. d4 d5 2. Nf3 Nf6 3. c4 e6 4. Nc3 Be7 5. cxd5 exd5 6. Bg5 O-O 7. e3 Nbd7 8.
Bd3 c6 9. O-O Re8 10. Qc2 Nf8 11. a3 Be6 12. b4 N6d7 13. Bxe7 Qxe7 14. b5 cxb5
15. Nxb5 Rec8 16. Qb3 a6 17. Nc3 b5 18. Rfb1 Nb6 19. a4 b4 20. a5 Rxc3 21. Qxc3
bxc3 22. axb6 Bc8 23. Rb3 Ne6 24. Rab1 Bb7 25. Rxc3 Rc8 26. Rcb3 Qd6 27. Bf1 a5
28. Ne5 f6 29. Nd3 Rc6 30. Rb5 a4 31. g3 a3 32. Ra5 Rxb6 33. Rxb6 Qxb6 34. Rxa3
Ba6 35. Ra2 Bc4 36. Ra1 h5 37. h4 Kh7 38. f3 Qb3 {White resigns} 0-1

[Event "Team 45 45 League T48"]
[Site "Internet Chess Club"]
[Date "2011.04.11"]
[Round "9"]
[White "BlackHorse"]
[Black "grabuark"]
[Result "1/2-1/2"]
[WhiteElo "2073"]
[BlackElo "2064"]
[Opening "Sicilian: Grand Prix attack"]
[ECO "B23"]
[Time "18:00:21"]
[TimeControl "2700+45"]

1. e4 c5 2. Nc3 Nc6 3. f4 e6 4. Nf3 d5 5. Bb5 Ne7 6. Qe2 g6 7. exd5 exd5 8. Qe5
Rg8 9. Qe3 Qd6 10. d4 cxd4 11. Nxd4 Bg7 12. O-O Kf8 13. Nf3 Bg4 14. Kh1 Nf5 15.
Qd2 Bxc3 16. Qxc3 Bxf3 17. Qxf3 Ncd4 18. Qd3 Nxb5 19. Qxb5 Qc6 20. Qxc6 bxc6 21.
g4 Nd6 22. Be3 Ke7 23. Rf3 Kd7 24. Rh3 Rge8 25. Kg2 Re4 26. Kf3 Nc4 27. Bg1 Nd2+
28. Kf2 Rae8 29. Kg3 h5 30. gxh5 gxh5 31. Rxh5 Rc4 32. Rc1 Rg8+ 33. Kh3 Rxf4 34.
Bxa7 Rf3+ 35. Kh4 Rf4+ 36. Kh3 Rf3+ 37. Kh4 Rg2 38. Rg1 Rxh2+ 39. Kg4 Re2 40. b3
Re4+ 41. Kg5 Re5+ 42. Kh6 Re6+ 43. Kg7 Ne4 44. a4 Ng3 45. Rh2 Rg6+ 46. Kh7 Re6
47. Rh6 Nf5 48. Rh2 Nd6 49. a5 Ne4 50. Bb6 c5 51. Kg7 f5 52. Rg6 Rxg6+ 53. Kxg6
Ke6 54. Kg7 Ke7 55. Bc7 f4 56. a6 Rg3+ 57. Kh6 Rg8 58. Bxf4 Kf6 59. Kh7 Kf7 60.
Rh6 Rg7+ 61. Kh8 Rg8+ 62. Kh7 Rg7+ 63. Kh8 Rg8+ 64. Kh7 {Game drawn by
repetition} 1/2-1/2

[Event "Team 45 45 League T48"]
[Site "Internet Chess Club"]
[Date "2011.04.09"]
[Round "9"]
[White "Ptzz"]
[Black "Freitac"]
[Result "1-0"]
[WhiteElo "2113"]
[BlackElo "1937"]
[Opening "Grünfeld: modern exchange variation"]
[ECO "D85"]
[Time "14:04:05"]
[TimeControl "2700+45"]

1. d4 Nf6 2. c4 g6 3. Nc3 d5 4. cxd5 Nxd5 5. e4 Nxc3 6. bxc3 Bg7 7. Nf3 c5 8.
Rb1 O-O 9. Be2 b6 10. O-O Bb7 11. Qd3 Ba6 12. Qe3 Qd7 13. dxc5 Bxe2 14. Qxe2
bxc5 15. Qc4 Qc6 16. Bg5 Re8 17. Rb5 Nd7 18. Rfb1 Rac8 19. Be3 Nb6 20. Qxc5 Qxe4
21. Qb4 Rc4 22. Qa3 Rxc3 23. Qxa7 Nc4 24. Rb8 Rf8 25. Ng5 Qf5 26. Qxe7 Nxe3 27.
fxe3 Rc2 28. Ne4 Rxa2 29. Nf6+ {Black resigns} 1-0

[Event "Team 45 45 League T48"]
[Site "Internet Chess Club"]
[Date "2011.04.08"]
[Round "9"]
[White "crazyhorses"]
[Black "BaumDeezy"]
[Result "1-0"]
[WhiteElo "1575"]
[BlackElo "1494"]
[Opening "Caro-Kann: classical variation"]
[ECO "B18"]
[Time "14:22:22"]
[TimeControl "2700+45"]

1. e4 c6 2. d4 d5 3. Nc3 dxe4 4. Nxe4 Bf5 5. Ng3 Bg6 6. Nf3 Nd7 7. Bd3 Ngf6 8.
O-O Qc7 9. Re1 e6 10. Ng5 Bxd3 11. Qxd3 h6 12. Rxe6+ Be7 13. Nf5 Nd5 14. Nd6+
Kf8 15. Ngxf7 Bxd6 16. Nxd6 Kg8 17. Bd2 Nf8 18. Re8 Rxe8 19. Nxe8 Qd7 20. Re1
Ne6 21. Qf5 Nf8 22. Qxd7 Nxd7 23. Nd6 b5 24. c4 N5b6 25. cxb5 cxb5 26. Re8+ Kh7
27. Rxh8+ Kxh8 28. Nxb5 a6 29. Nc7 Nc4 30. Bc3 Ndb6 31. Nxa6 Na4 32. b3 Nxc3 33.
bxc4 Nxa2 34. f3 Kg8 35. Kf2 Kf7 36. Ke3 Ke7 37. Ke4 Nc3+ 38. Ke5 Na4 39. c5 Nc3
40. d5 Nb5 41. Nb4 {Black resigns} 1-0

[Event "Team 45 45 League T48"]
[Site "Internet Chess Club"]
[Date "2011.04.08"]
[Round "9"]
[White "JohLeb"]
[Black "mongmong"]
[Result "0-1"]
[WhiteElo "1423"]
[BlackElo "1661"]
[Opening "Queen's pawn game"]
[ECO "E00"]
[Time "20:10:07"]
[TimeControl "2700+45"]

1. d4 e6 2. c4 Nf6 3. a3 d5 4. Nc3 c5 5. cxd5 cxd4 6. Qxd4 Nc6 7. Qd1 Ne7 8.
dxe6 Qxd1+ 9. Nxd1 Bxe6 10. Nf3 Ned5 11. e3 Be7 12. Bb5+ Bd7 13. Bxd7+ Nxd7 14.
O-O O-O 15. b4 Rfc8 16. Bb2 N7b6 17. Bd4 Nc4 18. Nb2 Nxb2 19. Bxb2 Rc2 20. Bd4
Rac8 21. Ne5 f6 22. Nd7 R8c7 23. Nc5 b6 24. Na4 Bf8 25. g3 Ne7 26. Rab1 Nf5 27.
Bb2 Rd2 28. Rbc1 Rxc1 29. Rxc1 b5 30. Bc3 Ra2 31. Nc5 Rxa3 32. Ne6 Kf7 33. Nd4
Nxd4 34. Bxd4 Bxb4 35. Rc7+ Kg6 36. Rxa7 Rxa7 37. Bxa7 Kf5 38. Bd4 Ke4 39. Kf1
Kf3 40. h3 Bd2 41. Bb2 b4 42. e4 Bc3 43. Bc1 b3 44. g4 b2 {White resigns} 0-1

[Event "Team 45 45 League T48"]
[Site "Internet Chess Club"]
[Date "2011.04.09"]
[Round "9"]
[White "seattleblues"]
[Black "witchfynder"]
[Result "1-0"]
[WhiteElo "1460"]
[BlackElo "1338"]
[Opening "Sicilian: Alapin's variation (2.c3)"]
[ECO "B22"]
[Time "19:00:02"]
[TimeControl "2700+45"]

1. e4 c5 2. c3 d6 3. d4 cxd4 4. cxd4 Nf6 5. Nc3 Qc7 6. Nf3 Bg4 7. Be2 Bxf3 8.
Bxf3 e5 9. d5 Be7 10. O-O O-O 11. Be3 a6 12. Rc1 Nbd7 13. Ne2 Qa5 14. a3 Nc5 15.
b4 Qxa3 16. bxc5 dxc5 17. d6 Rfd8 18. Bxc5 Qxc5 19. Rxc5 Rxd6 20. Qa1 Rad8 21.
Ng3 Rd2 22. Rxe5 b5 {Black resigns} 1-0

[Event "Team 45 45 League T48"]
[Site "Internet Chess Club"]
[Date "2011.04.10"]
[Round "9"]
[White "Aquaman"]
[Black "Conjurer"]
[Result "0-1"]
[WhiteElo "1313"]
[BlackElo "1296"]
[Opening "Réti: King's Indian attack"]
[ECO "A05"]
[Time "15:03:02"]
[TimeControl "2700+45"]

1. Nf3 Nf6 2. g3 g6 3. Bg2 Bg7 4. O-O O-O 5. d3 d5 6. Nbd2 c6 7. Re1 e6 8. e4
Nbd7 9. e5 Ne8 10. d4 f6 11. b3 c5 12. c3 cxd4 13. cxd4 a5 14. a4 Qc7 15. Ba3
Rf7 16. Rc1 Qb6 17. Bh3 Nf8 18. Bc5 Qd8 19. Ba3 Bd7 20. Bb2 b5 21. exf6 Nxf6 22.
Ne5 Re7 23. Nc6 Bxc6 24. Rxc6 Qe8 25. Qc1 b4 26. Nf3 Ne4 27. Nd2 Nxd2 28. Qxd2
Qxc6 29. Rc1 Qb6 30. Qe3 e5 31. Re1 Rae8 32. Bg2 exd4 33. Bxd5+ Kh8 34. Qxe7
Rxe7 35. Rxe7 Qf6 36. Rf7 Qd6 37. Bc4 h5 38. h4 Kh7 39. Kf1 Kh6 40. Bc1+ Kh7 41.
Bg5 Ne6 42. Bf6 Kg8 43. Bxe6 Qxe6 44. Rxg7+ Kf8 45. Bxd4 Qa6+ 46. Kg2 Qc6+ 47.
Kf1 Qd5 48. Bb2 Qxb3 49. Be5 Qe6 50. f4 b3 51. Rb7 Qc4+ 52. Ke1 Qe4+ {White
resigns} 0-1

[Event "Team 45 45 League T48"]
[Site "Internet Chess Club"]
[Date "2011.04.10"]
[Round "9"]
[White "oldsj"]
[Black "ElMarginal"]
[Result "1-0"]
[WhiteElo "1602"]
[BlackElo "1538"]
[Opening "Alekhine's defense"]
[ECO "B02"]
[Time "17:00:35"]
[TimeControl "2700+45"]

1. e4 Nf6 2. e5 Nd5 3. c4 Nb6 4. d4 d6 5. Nf3 Bg4 6. exd6 exd6 7. h3 Bh5 8. Be2
Be7 9. O-O c6 10. Qc2 Bg6 11. Bd3 N8d7 12. Re1 O-O 13. Bf4 Nf6 14. Nbd2 Bxd3 15.
Qxd3 Nh5 16. Bh2 Qd7 17. Ne4 Nxc4 18. Neg5 Bxg5 19. Nxg5 g6 20. Qxc4 Qf5 21. Nf3
Rac8 22. Bxd6 Rfd8 23. Be5 Nf4 24. Bxf4 Qxf4 25. Qc3 Rd5 26. Re5 Rcd8 27. Rae1
f6 28. Re8+ Rxe8 29. Rxe8+ Kf7 30. Qe3 Qxe3 31. Rxe3 Rb5 32. b3 a5 33. a4 Rd5
34. Kf1 b5 35. Ke2 b4 36. Kd3 h5 37. Re2 g5 38. Rc2 g4 39. hxg4 hxg4 40. Nd2 Rh5
41. g3 Ke7 42. Rxc6 Rf5 43. Ke3 Rh5 44. Rc5 Rh8 45. Rxa5 Rb8 46. Nc4 Ke6 47. Ke4
Rb7 48. Ra6+ Ke7 49. Kf5 Rd7 50. Re6+ Kd8 51. Rd6 {Black resigns} 1-0

[Event "Team 45 45 League T48"]
[Site "Internet Chess Club"]
[Date "2011.04.11"]
[Round "9"]
[White "Cicero"]
[Black "Fogbound"]
[Result "1-0"]
[WhiteElo "1372"]
[BlackElo "1270"]
[Opening "Giuoco Piano: LaBourdonnais variation"]
[ECO "C44"]
[Time "12:00:09"]
[TimeControl "2700+45"]

1. e4 e5 2. Nf3 Nc6 3. d4 exd4 4. Bc4 Bc5 5. c3 d6 6. cxd4 Bb6 7. Ng5 Qe7 8.
Bxf7+ Kd8 9. e5 Bxd4 10. Qf3 Nxe5 11. Qd5 Nd3+ 12. Kd2 Nf4 13. Qxd4 Qxg5 14. Kc2
Qf5+ 15. Kd1 Qg4+ 16. f3 Qf5 17. Qxf4 Qd3+ 18. Bd2 Ne7 19. Re1 Bd7 20. Rxe7 Qf1+
21. Re1 Qb5 22. Qh4+ Kc8 23. Nc3 Qf5 24. Qc4 Rf8 25. Nb5 Bxb5 26. Be6+ Kd8 27.
Qh4+ Qf6 28. Bg5 Ba4+ 29. b3 Bd7 30. Bxf6+ Rxf6 31. Bxd7 Kxd7 32. Qg4+ Kd8 33.
Qxg7 {Black resigns} 1-0